Map: Glittering Ashes LE

Players

Osprey

  • Race: Terran Terran
  • League: Diamond

llllIlllIlll - Winner!

  • Race: Protoss Protoss
  • League: Diamond

VOD

Have the link to the VOD?

Description

Time

  • Played on: April 15, 2022, 2:12 p.m.
  • Length: 18:28
Show
View Real Time Build Order
Export as new Build Order

Osprey Terran 

Build Orders:  

Get SALT Encoding   

  12  0:00  SCV  
  13  0:12  SCV  
  14  0:17  Supply Depot  
  14  0:24  SCV  
  15  0:38  Refinery  
  15  0:41  Barracks  
  15  0:51  Barracks  
  15  0:56  SCV  
  16  1:08  SCV  
  17  1:20  SCV  
  18  1:28  Reaper  
  19  1:39  Orbital Command  
  19  1:40  Reaper  
  20  1:47  Supply Depot  
  20  2:00  Reaper  
  21  2:10  SCV  
  22  2:23  Command Center  
  22  2:24  SCV  
  22  2:25  Reaper  
  24  2:36  SCV  
  25  2:41  Barracks  
  25  2:43  Barracks Reactor  
  25  2:46  Supply Depot  
  25  2:50  SCV  
  26  2:58  Refinery  
  26  3:02  Barracks Tech Lab  
  26  3:04  SCV  
  27  3:16  SCV  
  28  3:21  Marine x2, Marauder  
  31  3:37  Engineering Bay  
  31  3:42  Stimpack  
  29  3:56  Orbital Command  
  29  3:57  Marine x2  
  29  3:59  Marine, Barracks Reactor  
  32  4:11  Supply Depot  
  32  4:12  SCV  
  33  4:17  Marine x2  
  33  4:18  Marine  
  33  4:23  SCV  
  37  4:26  SCV  
  38  4:35  Supply Depot  
  38  4:36  Marine x5  
  38  4:38  SCV x2  
  44  5:00  Marine x4  
  44  5:01  Marine  
  44  5:02  SCV  
  48  5:28  Marine x4, Supply Depot  
  50  5:29  Marauder  
  50  5:32  Factory, SCV x2  
  50  5:34  Refinery  
  56  5:37  Combat Shield  
  56  5:44  SCV x2  
  56  5:47  Marine x4  
  62  5:51  Supply Depot  
  62  5:52  Marauder  
  62  5:56  SCV x2  
  66  6:07  Marine x4  
  66  6:08  SCV x2  
  72  6:14  Supply Depot  
  72  6:25  Factory Reactor  
  72  6:27  Starport  
  72  6:28  SCV x2  
  74  6:33  Marine x2  
  74  6:34  Marine x2, Marauder  
  80  6:40  Command Center  
  80  6:49  SCV x2  
  80  6:53  Marine  
  80  6:54  Marine x3  
  84  7:01  SCV x2  
  88  7:02  Refinery, Supply Depot  
  88  7:07  Engineering Bay  
  88  7:10  Medivac x2  
  88  7:12  Concussive Shells  
  88  7:13  Marauder  
  94  7:19  Supply Depot  
  94  7:24  SCV x2, Marine x4  
  100  7:35  Supply Depot, Terran Infantry Weapons Level 1  
  100  7:40  Marauder  
  100  7:41  Barracks  
  100  7:42  Medivac x2  
  100  7:43  Widow Mine  
  108  7:44  Barracks  
  107  7:55  Marine  
  107  7:56  Marine x3  
  107  7:57  SCV x2  
  113  7:59  Orbital Command  
  110  8:40  Marine x2  
  110  8:41  Marine x3  
  93  8:52  Viking x2  
  90  8:56  Orbital Command  
  90  8:58  Starport  
  90  8:59  Marauder  
  90  9:01  Armory  
  90  9:02  Starport  
  92  9:03  Supply Depot  
  92  9:08  Barracks Tech Lab  
  92  9:09  Barracks Tech Lab  
  92  9:10  Widow Mine  
  94  9:29  Viking x2  
  98  9:35  SCV x3  
  101  9:42  Starport Reactor x2  
  101  9:46  Refinery  
  101  9:47  SCV x2  
  101  9:49  Refinery  
  101  9:51  Marine, Marauder x3  
  101  9:52  Marine x3  
  113  9:53  SCV  
  113  9:59  SCV, Sensor Tower  
  115  10:06  Viking  
  115  10:07  Viking  
  119  10:14  Marauder  
  119  10:15  Marauder x2  
  125  10:23  Terran Ship Weapons Level 1  
  125  10:26  Viking, Sensor Tower  
  125  10:27  Armory, Viking  
  129  10:29  Viking  
  129  10:30  Command Center  
  129  10:32  Viking  
  132  10:45  Viking x2  
  132  10:46  Supply Depot  
  136  10:54  Factory Reactor  
  136  10:56  Starport  
  136  10:57  Terran Infantry Armor Level 1  
  136  10:59  Viking x2  
  140  11:04  Missile Turret  
  140  11:07  Viking x2  
  144  11:15  Supply Depot  
  144  11:31  Refinery  
  144  11:41  Terran Vehicle And Ship Armor Level 1  
  144  11:42  Viking x5  
  144  11:43  Viking, Refinery  
  156  11:51  Missile Turret  
  156  11:53  SCV x3, Supply Depot  
  159  11:55  Viking  
  159  11:56  Viking  
  163  12:06  Ghost Academy  
  163  12:10  Orbital Command  
  163  12:12  Missile Turret  
  163  12:22  SCV x3  
  166  12:23  Terran Ship Weapons Level 2  
  166  12:25  Viking x3  
  166  12:29  Missile Turret  
  172  12:34  SCV, Supply Depot  
  172  12:35  Missile Turret x2  
  173  12:37  SCV x3  
  173  12:43  Viking x2  
  180  12:56  SCV  
  181  13:00  Command Center  
  181  13:07  Supply Depot  
  181  13:08  Sensor Tower  
  181  13:18  Missile Turret  
  181  13:21  Ghost x3  
  187  13:36  Missile Turret  
  187  13:39  Supply Depot  
  187  13:48  Command Center  
  187  13:50  Enhanced Shockwaves  
  187  14:51  Ghost  
  187  14:52  Ghost x2  
  190  15:09  Personal Cloaking  
  162  15:20  Ghost  
  91  15:43  Viking x5  
  91  15:44  Viking x3  
  91  15:45  Ghost x2  
  91  15:49  Ghost  
  97  16:04  Orbital Command x2  
  97  16:08  Marine x2  
  97  16:09  Marine x2  
  97  16:10  Missile Turret  
  101  16:13  Viking x6, Ghost  
  101  16:14  Marine  
  101  16:17  Marine  
  112  16:19  Orbital Command  
  112  16:24  Viking x2  
  94  16:43  Viking x2  
  72  17:00  Marine x4, Marauder x3  
  69  17:01  SCV x2  
  69  17:02  SCV x2  
  73  17:08  Viking  
  73  17:09  Viking x4  
  73  17:13  SCV x2  
  73  17:14  SCV x2  
  81  17:17  Marine  
  81  17:18  Marine  
  81  17:21  Marauder  
Show
View Real Time Build Order
Export as new Build Order

llllIlllIlll Protoss - Winner!

Build Orders: Carriers 

Get SALT Encoding   

  12  0:01  Probe  
  13  0:13  Probe  
  14  0:17  Pylon  
  14  0:25  Probe  
  15  0:37  Gateway  
  15  0:38  Probe  
  16  0:44  Assimilator  
  16  0:51  Assimilator  
  16  0:54  Probe  
  17  1:06  Probe  
  18  1:18  Pylon, Probe  
  19  1:29  Cybernetics Core  
  19  1:31  Probe (Chrono Boost)  
  20  1:41  Probe (Chrono Boost)  
  20  1:46  Probe (Chrono Boost), Assimilator  
  21  1:52  Pylon  
  22  1:58  Probe  
  22  2:08  Adept (Chrono Boost)  
  24  2:22  Shield Battery  
  24  2:33  Adept (Chrono Boost)  
  26  2:44  Nexus  
  26  2:45  Probe  
  27  2:57  Adept (Chrono Boost)  
  29  3:09  Pylon, Stargate  
  29  3:15  Shield Battery  
  29  3:22  Probe  
  30  4:09  Oracle  
  33  4:15  Shield Battery  
  33  4:17  Probe  
  33  4:18  Probe  
  33  4:21  Assimilator  
  35  4:25  Assimilator  
  35  4:30  Probe (Chrono Boost)  
  36  4:31  Fleet Beacon  
  36  4:33  Probe (Chrono Boost)  
  36  4:35  Pylon  
  37  4:41  Probe (Chrono Boost)  
  37  4:42  Probe (Chrono Boost)  
  39  4:46  Probe (Chrono Boost)  
  40  5:06  Probe x2  
  40  5:20  Pylon, Robotics Facility  
  36  5:24  Tempest (Chrono Boost)  
  36  5:27  Stargate  
  41  5:35  Pylon, Stalker  
  43  5:40  Robotics Facility  
  43  5:45  Pylon  
  43  5:55  Forge  
  43  6:07  Probe x2  
  43  6:10  Tempest (Chrono Boost)  
  50  6:39  Tempest  
  55  6:46  Robotics Bay  
  55  6:47  Probe x2  
  55  6:49  Pylon  
  55  6:53  Photon Cannon  
  57  6:56  Photon Cannon  
  57  6:59  Probe x2  
  59  7:08  Photon Cannon  
  59  7:11  Probe  
  59  7:13  Pylon  
  60  7:16  Tempest  
  60  7:19  Probe  
  66  7:45  Tempest, Colossus (Chrono Boost)  
  66  7:50  Colossus (Chrono Boost)  
  83  8:01  Shield Battery  
  81  8:29  Colossus (Chrono Boost)  
  81  8:30  Colossus (Chrono Boost)  
  90  8:54  Carrier x2 (Chrono Boost)  
  97  9:16  Warp Gate  
  97  9:19  Nexus  
  97  9:20  Pylon  
  97  9:21  Pylon  
  97  9:38  Twilight Council  
  97  9:41  Probe  
  97  9:42  Pylon, Probe  
  97  9:44  Photon Cannon  
  97  9:45  Photon Cannon  
  99  9:49  Photon Cannon  
  99  9:57  Photon Cannon  
  99  10:14  Carrier  
  105  10:22  Observer  
  106  10:39  Probe x2 (Chrono Boost)  
  106  10:40  Probe (Chrono Boost)  
  112  10:50  Probe x3 (Chrono Boost), Assimilator  
  112  10:54  Carrier, Assimilator  
  118  11:04  Blink  
  118  11:05  Templar Archives  
  118  11:24  Psionic Storm  
  124  11:27  Colossus  
  124  11:28  Gateway x2  
  124  11:32  Gateway  
  124  11:42  Gateway  
  124  11:55  Gateway  
  124  11:58  Gateway  
  124  12:00  Gateway  
  124  12:06  Carrier  
  130  12:12  Pylon x2  
  130  12:14  Pylon  
  130  12:24  High Templar  
  130  12:29  High Templar x3  
  138  12:38  High Templar  
  140  12:44  Carrier  
  146  12:54  High Templar  
  147  13:04  Extended Thermal Lance (Chrono Boost)  
  147  13:39  Mothership (Chrono Boost)  
  155  13:54  Probe (Chrono Boost)  
  155  13:55  Probe (Chrono Boost)  
  157  14:06  Carrier, Nexus  
  162  14:10  Pylon x2  
  162  14:12  Pylon  
  162  14:15  Stalker  
  164  14:43  Photon Cannon  
  164  14:44  Photon Cannon  
  164  14:45  Photon Cannon  
  164  14:46  Photon Cannon  
  164  14:50  Pylon  
  164  14:55  Photon Cannon x2  
  164  14:58  Carrier  
  170  15:00  Stalker x8, Photon Cannon  
  186  15:11  Photon Cannon  
  166  15:41  Carrier  
  160  15:48  Stalker  
  162  15:59  Colossus x2  
  174  16:06  Pylon, Probe  
  175  16:13  Nexus  
  175  16:27  High Templar x3  
  181  16:33  Archon  
  181  16:34  Archon  
  181  16:35  Archon  
  175  16:49  Carrier  
  163  17:01  Stalker x4  
  171  17:56  Stalker x3  
  171  17:57  Stalker x3  
Tags
 
Add a new tag
Caveats
  • Supply blocks, unpowered buildings, or Contaminate may cause inaccurate times.
  • Supply counts are checked every 10 seconds.